 Dungeon Crawl Stone Soup version 0.18-a0-1006-g6b5bfb2 (console) character file.

40180 FIQ the Infuser (level 13, -26/103 HPs)
             Began as a Demonspawn Wanderer on Jan 6, 2016.
             Was the Champion of Yredelemnul.
             Annihilated by ZiggyStardust's ghost (34 damage)
             ... on level 2 of the Orcish Mines.
             The game lasted 01:22:21 (15968 turns).

FIQ the Infuser (Demonspawn Wanderer)              Turns: 15968, Time: 01:22:21

Health: -26/103    AC: 19    Str: 16    XL:     13   Next: 73%
Magic:  23/26      EV: 15    Int: 16    God:    Yredelemnul [******]
Gold:   1227       SH:  0    Dex: 24    Spells: 7 memorised, 13 levels left

rFire  + . .     SeeInvis .     z - +3 whip {vamp, Fragile rN+ Str+6 Int+3}
rCold  + . .     Gourm    .     O - +2 robe of vines {NoDeviceHeal Regen+7}
rNeg   + . .     Faith    .     (no shield)
rPois  .         Spirit   .     (helmet unavailable)
rElec  .         Dismiss  .     u - +1 cloak
rCorr  +         Reflect  .     o - +1 pair of gloves {Dex+3}
SustAt .         Harm     .     b - +0 pair of boots
MR     .....                    I - amulet of resist corrosion
Stlth  +++.......               t - ring of wizardry
                                S - ring of protection from cold

@: icy armour, not resistant to hostile enchantments, fairly stealthy
A: horns 3, molten scales 2, demonic guardian 3, fire resistance 1, nightstalker
1
a: Recall Undead Slaves, Injury Mirror, Animate Dead, Drain Life, Enslave Soul,
Renounce Religion


You were on level 2 of the Orcish Mines.
You worshipped Yredelemnul.
Yredelemnul was exalted by your worship.
You were not hungry.

You visited 4 branches of the dungeon, and saw 21 of its levels.

You collected 1488 gold pieces.
You spent 261 gold pieces at shops.

Inventory:

Hand Weapons
 z - the +3 whip "Okodipte" (weapon) {vamp, Fragile rN+ Str+6 Int+3}
   (You found it on level 8 of the Dungeon)

   It inflicts no extra harm, but heals its wielder somewhat when it strikes a
   living foe.
   It affects your strength (+6).
   It affects your intelligence (+3).
   It protects you from negative energy.
   It will be destroyed if unequipped.
Armour
 b - a +0 pair of boots (worn)
 d - the +0 robe of Foxel {Str+3}
   (You found it on level 4 of the Dungeon)

   It affects your strength (+3).
 o - a +1 pair of gloves of dexterity (worn)
 u - a +1 cloak (worn)
 O - the +2 robe of vines (worn) {NoDeviceHeal Regen+7}
   (You found it on level 8 of the Dungeon)

   It increases your rate of regeneration.
 R - the +3 leather armour of Tenacity {Str+4}
   (You found it on level 6 of the Lair of Beasts)

   It affects your strength (+4).
Rods
 g - a +0 rod of destruction (13/13)
   (You found it on level 7 of the Dungeon)
Jewellery
 p - an uncursed ring of loudness
 t - a ring of wizardry (right hand)
 I - an amulet of resist corrosion (around neck)
 S - a ring of protection from cold (left hand)
 W - the ring "Nadi" {rF+ Int+3}
   (You found it on level 9 of the Dungeon)

   [ring of protection from fire]

   It affects your intelligence (+3).
   It protects you from fire.
 X - an uncursed ring of magical power
Wands
 c - a wand of paralysis (11/24)
 e - a wand of confusion (23/48)
 i - a wand of confusion (22/48)
 s - a wand of digging (5/24)
 C - a wand of confusion (29/48)
 D - a wand of polymorph (1/24)
 F - a wand of fireball (0/15)
 G - a wand of enslavement (10/24)
 M - a wand of enslavement (9/24)
 Q - a wand of fireball (2/15)
 Y - a wand of slowing (12/48)
Scrolls
 h - a scroll of amnesia
 l - 4 scrolls of immolation
 n - 3 scrolls of recharging
 q - 8 scrolls of remove curse
 w - 5 scrolls of enchant weapon
 y - 10 scrolls of teleportation
 H - 2 scrolls of blinking
 L - 9 scrolls of identify
 T - a scroll of enchant armour
Potions
 a - a potion of cure mutation
 j - 3 potions of haste
 k - 11 potions of curing
 v - 4 potions of lignification
 x - 4 potions of agility
 A - 6 potions of brilliance
 E - 2 potions of heal wounds
 J - a potion of poison {unknown}
 K - 2 potions of might
 V - a potion of cancellation
Books
 m - a book of Maledictions

   Spells                             Type                      Level
   a - Corona                         Hexes                        1
   b - Ensorcelled Hibernation        Hexes/Ice                    2
   c - Confuse                        Hexes                        3
   d - Tukima's Dance                 Hexes                        3
   e - Dazzling Spray                 Conjuration/Hexes            3
Comestibles
 f - 8 bread rations
 r - 23 fruits
 B - 5 meat rations
 N - 4 beef jerkies
 P - 11 slices of pizza
 U - 6 royal jellies


   Skills:
 + Level 10.0 Fighting
 + Level 8.5 Maces & Flails
 - Level 1.0 Throwing
 - Level 2.0 Armour
 + Level 8.8 Dodging
   Level 1.0 Shields
 + Level 9.4 Spellcasting
 - Level 1.0 Hexes
 * Level 12.4 Charms
 + Level 7.3 Invocations


You had 13 spell levels left.
You knew the following spells:

 Your Spells              Type           Power        Failure   Level  Hunger
a - Song of Slaying       Chrm           #####...     1%          2    None
b - Ozocubu's Armour      Chrm/Ice       ####....     1%          3    None
c - Regeneration          Chrm/Necr      ####......   1%          3    None
d - Spectral Weapon       Hex/Chrm       ####....     1%          3    None
e - Shroud of Golubria    Chrm/Tloc      ####......   1%          2    None
f - Apportation           Tloc           #.........   4%          1    None
g - Tukima's Dance        Hex            ##......     9%          3    None


Dungeon Overview and Level Annotations

Branches:
Dungeon (10/15)            Temple (1/1) D:5            Lair (8/8) D:8
  Swamp (0/4) Lair:5        Snake (0/4) Lair:5        Slime (0/6) Lair:7
    Orc (2/2) D:10
    Elf: Orc:2

Altars:
Ashenzari
Cheibriados
Dithmenos
Elyvilon
Fedhas
Gozag
Kikubaaqudgha
Makhleb
Nemelex Xobeh
Okawaru
Pakellas
Qazlal
Ru
Sif Muna
Trog
Vehumet
Xom
Yredelemnul
Zin
The Shining One
Jiyva

Shops:
D:7 *

Annotations:
D:3 Grinder
Orc:2 ZiggyStardust's ghost, journeyman OgIE


Innate Abilities, Weirdness & Mutations

You have a pair of large horns on your head.
You are mostly covered in molten scales (AC +3, EV -1).
A powerful demonic guardian rushes to your aid.
Your flesh is heat resistant.
You are slightly more attuned to the shadows.


Message History

Your spectral weapon completely misses ZiggyStardust's ghost.
The ice beast barely misses you.
You completely miss ZiggyStardust's ghost.
Your headbutt misses ZiggyStardust's ghost.
ZiggyStardust's ghost is moderately damaged.
Your spectral weapon completely misses ZiggyStardust's ghost.
ZiggyStardust's ghost hits you!!
* * * LOW HITPOINT WARNING * * *
ZiggyStardust's ghost freezes you.
* * * LOW HITPOINT WARNING * * *
The ice beast barely misses you.
ZiggyStardust's ghost hits your spectral weapon!!
Your spectral weapon shares its damage with you!
ZiggyStardust's ghost freezes your spectral weapon.
Your spectral weapon fades away.
* * * LOW HITPOINT WARNING * * *
There is a stone staircase leading up here.
ZiggyStardust's ghost hits you!!
You die...
Your body rises from the dead as a mindless zombie.

##............
#.............
###....#.........
##.###............
#...#.#......#....
##.......$.........
#...$..............
.§§##)............
.§ #.............$
. ###...YW........
#.##.#...@.........
##............#...
#............#.$.#
#........[#.......#
#.#$.%[.#.#.......
# ##.#[....##.....
#............##
.......$$.##..##
....$.......# #
.....#......#
.....#....$##


You could see an ice beast and ZiggyStardust's ghost.

Vanquished Creatures
  Snorg (Lair:4)
  2 hydras (Lair:7)
  A death yak (Lair:7)
  A hell hog (Orc:2)
  An oklob plant (Lair:4)
  Pikel (D:7)
  An orc knight (Orc:2)
  2 elephants (Lair:7)
  6 black mambas
  Joseph (D:8)
  10 spiny frogs
  4 komodo dragons
  A fire drake (Lair:3)
  3 polar bears
  2 giant leeches
  A queen bee (Lair:3)
  7 blink frogs
  2 wyverns (Lair:4)
  3 fire elementals
  A human (D:8)
  A basilisk (Lair:3)
  11 yaks
  8 hippogriffs
  6 vampire mosquitoes (Lair:8)
  A hungry ghost (D:9)
  5 wolves (Lair:2)
  A naga (Lair:5)
  A hell hound (Orc:2)
  9 water moccasins
  10 porcupines
  2 black bears
  A sky beast (D:7)
  2 ice beasts (D:7)
  4 ogres
  3 centaurs
  12 crocodiles
  33 giant frogs
  A wyvern zombie (D:7)
  A scorpion (D:8)
  4 killer bees
  2 wights (D:9)
  6 electric eels
  5 crimson imps
  A giant frog zombie (D:6)
  A quasit (D:5)
  A gnoll shaman (D:4)
  Crazy Yiuf (D:2)
  2 jellies
  2 orc priests
  A giant frog skeleton (D:3)
  5 iguanas
  4 orc wizards
  2 worker ants
  15 sheep
  A hound skeleton (D:7)
  2 worker ant zombies
  Robin (D:2)
  7 gnolls
  12 adders
  51 river rats
  A shadow imp (D:9)
  An adder zombie (D:9)
  3 adder skeletons (D:4)
  3 giant geckos
  21 orcs
  2 ball pythons
  3 giant cockroaches
  17 goblins
  11 hobgoblins
  17 jackals
  6 kobolds
  3 quokkas
  6 bats
  A giant gecko skeleton (D:7)
  7 giant newts
  A jackal skeleton (D:9)
  6 rats
  A fungus (D:8)
399 creatures vanquished.

Vanquished Creatures (collateral kills)
  Gastronok (D:8)
  Maud (D:10)
  The ghost of sefie the Carver, a journeyman DgSk (D:10)
  Fannar (Lair:2)
  A hydra (Lair:7)
  Erica (D:8)
  4 death yaks (Lair:7)
  2 griffons (Lair:8)
  11 elephants
  6 black mambas
  A torpor snail (Lair:7)
  8 spiny frogs
  A troll (Orc:1)
  5 komodo dragons
  2 blink frogs
  3 yaks
  2 wyverns
  3 basilisks
  A hippogriff (Lair:2)
  A fire elemental (Orc:2)
  3 wolves (Lair:2)
  2 swamp worms (Lair:5)
  3 nagas (Lair:5)
  3 hell hounds (Orc:2)
  4 water moccasins
  A porcupine (Lair:7)
  4 orc warriors
  A sky beast (D:8)
  An ogre (D:6)
  3 crocodiles
  12 giant frogs
  A gnoll sergeant (D:10)
  A wight (D:9)
  14 killer bees (Lair:3)
  3 hounds
  2 orc priests
  An orc wizard (D:9)
  An iguana (D:9)
  12 sheep
  5 gnolls
  21 river rats
  A giant gecko (D:2)
  20 orcs
  A goblin (D:2)
  3 hobgoblins (D:2)
  A bat (D:2)
  2 fungi
  2 plants
184 creatures vanquished.

Vanquished Creatures (others)
  2 phantasmal warriors (Orc:2)
  8 flying skulls
  A wraith (Lair:7)
  2 wights
  A hound zombie (D:10)
  A mummy (Lair:6)
  2 jackals (D:5)
  4 orc zombies (D:10)
  14 fungi
  5 plants
  10 spectral weapons
50 creatures vanquished.

Grand Total: 633 creatures vanquished

Notes
Turn   | Place    | Note
--------------------------------------------------------------
     0 | D:1      | FIQ the Demonspawn Wanderer began the quest for the Orb.
     0 | D:1      | FIQ set off with: a book of Battle, the Reference Book on Snow, Qoikion's Grimoire of Translocation, a +0 robe, a +0 dagger, a bread ration
     0 | D:1      | Reached XP level 1. HP: 15/15 MP: 4/4
     0 | D:1      | Identified the Reference Book on Snow
     0 | D:1      | Identified Qoikion's Grimoire of Translocation
   184 | D:1      | Gained mutation: A weak demonic guardian rushes to your aid. [demonic ancestry]
   184 | D:1      | Reached XP level 2. HP: 12/21 MP: 6/6
   256 | D:1      | Learned a level 2 spell: Song of Slaying
   788 | D:2      | Found a faded altar to an unknown god.
   792 | D:2      | Noticed Robin
   799 | D:2      | Reached XP level 3. HP: 11/27 MP: 4/7
   816 | D:2      | Killed Robin
   855 | D:2      | Learned a level 3 spell: Ozocubu's Armour
   859 | D:2      | Learned a level 3 spell: Regeneration
  1091 | D:2      | Gained mutation: You are partially covered in molten scales (AC +1). [demonic ancestry]
  1091 | D:2      | Reached XP level 4. HP: 24/33 MP: 9/9
  1315 | D:2      | Noticed Crazy Yiuf
  1331 | D:2      | Killed Crazy Yiuf
  1580 | D:2      | Found a burning altar of Makhleb.
  1601 | D:2      | Gained mutation: You have a pair of small horns on your head. [demonic ancestry]
  1601 | D:2      | Reached XP level 5. HP: 36/39 MP: 10/10
  1817 | D:2      | Learned a level 3 spell: Spectral Weapon
  2112 | D:3      | Reached skill level 1 in Dodging
  2221 | D:3      | Noticed Grinder
  2373 | D:3      | Found an opulent altar of Gozag.
  2748 | D:4      | Gained mutation: You have a pair of horns on your head. [demonic ancestry]
  2748 | D:4      | Reached XP level 6. HP: 40/47 MP: 11/11
  2815 | D:4      | Reached skill level 4 in Spellcasting
  3286 | D:4      | Got an ominously black robe
  3297 | D:4      | Identified the +0 robe of Foxel {Str+3} (You found it on level 4 of the Dungeon)
  3342 | D:4      | Gained mutation: A demonic guardian rushes to your aid. [demonic ancestry]
  3342 | D:4      | Reached XP level 7. HP: 52/52 MP: 10/13
  3498 | D:4      | Found a radiant altar of Vehumet.
  3598 | D:5      | Entered Level 5 of the Dungeon
  3973 | D:5      | Found a staircase to the Ecumenical Temple.
  3998 | Temple   | Entered the Ecumenical Temple
  4039 | Temple   | Became a worshipper of Yredelemnul the Dark
  4289 | D:6      | Noticed a wyvern
  4291 | D:6      | Killed a wyvern
  4492 | D:6      | Reached skill level 5 in Charms
  4492 | D:6      | Gained mutation: You are mostly covered in molten scales (AC +3, EV -1). [demonic ancestry]
  4492 | D:6      | Reached XP level 8. HP: 44/60 MP: 14/14
  4546 | D:6      | Learned a level 2 spell: Shroud of Golubria
  4954 | D:7      | Found Fopteulu's Assorted Antiques.
  4961 | D:7      | Bought a fuming inky potion for 27 gold pieces
  4961 | D:7      | Bought 2 metallic golden potions for 54 gold pieces
  4961 | D:7      | Bought a scroll labeled TUPNUR TOPS for 30 gold pieces
  4961 | D:7      | Bought a scroll of remove curse for 90 gold pieces
  4961 | D:7      | Bought a scroll labeled FOSASE JESCH for 30 gold pieces
  4961 | D:7      | Bought a scroll labeled JAYLEINLIL for 30 gold pieces
  4984 | D:7      | Found a snail-covered altar of Cheibriados.
  5143 | D:7      | Found a shattered altar of Ashenzari.
  5146 | D:7      | Found an ancient bone altar of Kikubaaqudgha.
  5148 | D:7      | Found an iron altar of Okawaru.
  5152 | D:7      | Found a sparkling altar of Nemelex Xobeh.
  5152 | D:7      | Found a shadowy altar of Dithmenos.
  5153 | D:7      | Found a sacrificial altar of Ru.
  5154 | D:7      | Found a glowing golden altar of the Shining One.
  5157 | D:7      | Found a glowing silver altar of Zin.
  5305 | D:7      | Identified a +0 rod of destruction (13/13) (You found it on level 7 of the Dungeon)
  5325 | D:7      | Reached skill level 5 in Spellcasting
  5325 | D:7      | Reached skill level 6 in Charms
  5854 | D:7      | Noticed Pikel
  5859 | D:7      | Killed Pikel
  5859 | D:7      | Gained mutation: You are slightly more attuned to the shadows. [demonic ancestry]
  5859 | D:7      | Reached XP level 9. HP: 60/67 MP: 5/16
  6093 | D:8      | Noticed Joseph
  6097 | D:8      | Reached * piety under Yredelemnul
  6100 | D:8      | Killed Joseph
  6100 | D:8      | Reached skill level 5 in Fighting
  6251 | D:8      | Found a shimmering altar of Xom.
  6492 | D:8      | Noticed Gastronok
  6508 | D:8      | Noticed Erica
  6518 | D:8      | Killed Gastronok
  6518 | D:8      | Reached skill level 7 in Charms
  6521 | D:8      | Killed Erica
  6676 | D:8      | Got a translucent whip
  6679 | D:8      | Identified the +3 whip "Okodipte" {vamp, Fragile rN+ Str+6 Int+3} (You found it on level 8 of the Dungeon)
  6713 | D:8      | Reached skill level 5 in Maces & Flails
  6820 | D:8      | Gained mutation: Your flesh is heat resistant. [demonic ancestry]
  6820 | D:8      | Reached XP level 10. HP: 76/76 MP: 19/19
  6895 | D:8      | Found a staircase to the Lair.
  6983 | Lair:1   | Entered Level 1 of the Lair of Beasts
  6985 | Lair:1   | Noticed a spiny frog
  6995 | Lair:1   | Killed a spiny frog
  6995 | Lair:1   | Reached skill level 8 in Charms
  7018 | Lair:1   | Reached skill level 5 in Dodging
  7251 | Lair:1   | Noticed a spiny frog
  7263 | Lair:1   | Killed a spiny frog
  7562 | Lair:1   | Noticed a spiny frog
  7567 | Lair:1   | Killed a spiny frog
  7585 | Lair:1   | Reached ** piety under Yredelemnul
  7596 | Lair:1   | Reached skill level 9 in Charms
  8024 | Lair:2   | Reached XP level 11. HP: 71/84 MP: 21/21
  8219 | Lair:2   | Noticed Fannar
  8228 | Lair:2   | Killed Fannar
  8821 | Lair:3   | Reached *** piety under Yredelemnul
  9115 | Lair:3   | Reached skill level 10 in Charms
  9278 | Lair:3   | Identified a scroll of acquirement
  9839 | Lair:4   | Noticed Snorg
  9842 | Lair:4   | Reached **** piety under Yredelemnul
  9859 | Lair:4   | Killed Snorg
  9991 | Lair:4   | Gained mutation: You have a pair of large horns on your head. [demonic ancestry]
  9991 | Lair:4   | Reached XP level 12. HP: 93/93 MP: 24/24
 10087 | Lair:4   | Received a gift from Yredelemnul
 10770 | Lair:5   | Received a gift from Yredelemnul
 10842 | Lair:5   | Reached skill level 1 in Invocations
 10844 | Lair:5   | Found a staircase to the Snake Pit.
 11024 | Lair:5   | Found a staircase to the Swamp.
 11046 | Lair:5   | Received a gift from Yredelemnul
 11639 | Lair:6   | Reached skill level 11 in Charms
 11646 | Lair:6   | Received a gift from Yredelemnul
 11698 | Lair:6   | Got a distressingly furry leather armour
 11709 | Lair:6   | Identified the +3 leather armour of Tenacity {Str+4} (You found it on level 6 of the Lair of Beasts)
 12244 | Lair:6   | Received a gift from Yredelemnul
 12388 | Lair:6   | Learned a level 1 spell: Apportation
 12550 | Lair:7   | Noticed a seven-headed hydra
 12561 | Lair:7   | Killed a seven-headed hydra
 12651 | Lair:7   | Noticed an eight-headed hydra
 12661 | Lair:7   | Killed an eight-headed hydra
 12795 | Lair:7   | Noticed a six-headed hydra
 12804 | Lair:7   | Killed a six-headed hydra
 12854 | Lair:7   | Found a staircase to the Slime Pits.
 12855 | Lair:7   | Found a viscous altar of Jiyva.
 12867 | Lair:7   | Reached ***** piety under Yredelemnul
 12968 | Lair:7   | Gained mutation: A powerful demonic guardian rushes to your aid. [demonic ancestry]
 12968 | Lair:7   | Reached XP level 13. HP: 101/101 MP: 25/25
 13166 | Lair:7   | Received a gift from Yredelemnul
 13169 | Lair:7   | Reached skill level 5 in Invocations
 13507 | Lair:8   | Entered Level 8 of the Lair of Beasts
 13558 | Lair:8   | Reached skill level 12 in Charms
 13653 | Lair:8   | Received a gift from Yredelemnul
 14133 | Lair:8   | Received a gift from Yredelemnul
 14925 | D:9      | Learned a level 3 spell: Tukima's Dance
 14941 | D:9      | Got a twitching silver ring
 14944 | D:9      | Identified the ring "Nadi" {rF+ Int+3} (You found it on level 9 of the Dungeon)
 14956 | D:9      | Got a fine hat
 14957 | D:9      | Identified the +0 hat "Mest" {rCorr Stlth+} (You found it on level 9 of the Dungeon)
 15311 | D:9      | Received a gift from Yredelemnul
 15547 | D:10     | Entered Level 10 of the Dungeon
 15556 | D:10     | Noticed Maud
 15563 | D:10     | Noticed sefie's ghost (journeyman DgSk)
 15564 | D:10     | Reached ****** piety under Yredelemnul
 15579 | D:10     | Killed Maud
 15591 | D:10     | Killed sefie's ghost
 15595 | D:10     | Found a staircase to the Orcish Mines.
 15619 | Orc:1    | Entered Level 1 of the Orcish Mines
 15639 | Orc:1    | Received a gift from Yredelemnul
 15708 | Orc:2    | Entered Level 2 of the Orcish Mines
 15738 | Orc:2    | Reached skill level 10 in Fighting
 15773 | Orc:2    | Noticed ZiggyStardust's ghost (journeyman OgIE)
 15778 | Orc:2    | Noticed Azrael
 15832 | Orc:2    | Noticed Azrael
 15832 | Orc:2    | Azrael changed into Azrael the hell hog
 15837 | Orc:2    | Killed Azrael the hell hog
 15966 | Orc:2    | HP: 1/103 [ZiggyStardust's ghost (8)]
 15968 | Orc:2    | Annihilated by ZiggyStardust's ghost

Vault maps used:
D:1:      minmay_arrival_stair_chambers
D:2:      makhleb_grotto_becter, first_bread, ecumenical_altar_2,
          uniq_crazy_yiuf_cottage, uniq_robin
D:3:      lemuel_crystal_altar, nicolae_underground_beach, uniq_grinder
D:4:      lemuel_doored_altar, serial_co_window_serial, co_window_paths_b,
          co_window_paths_b, co_window_paths_b, co_window_cross_1,
          co_window_of_opportunity_a, co_window_unsneaky_path_d,
          co_window_of_opportunity_c, co_window_of_opportunity_b,
          co_window_paths_c, co_window_paths_e, glass_columns_a,
          glass_columns_a, glass_columns_a, glass_columns_b
D:5:      lemuel_temple_firewalk_marked
D:6:      minmay_misc_feat_more_columns
D:7:      lemuel_round_altar, minitemple, serial_shops, shop, uniq_pikel
D:8:      dpeg_oklobed_lair, basic_altar, grunt_pizzeria, grunt_decor_arrowhead,
          uniq_gastronok, uniq_erica, uniq_joseph
D:9:      minmay_radiant
D:10:     hiddenorc1_lemuel, serial_shops, nicolae_shop_waterfront,
          hangedman_incinerator, uniq_maud, uniq_grum, uniq_josephine
Temple:   temple_eino_lava_8
Lair:1:   serial_bayou_pond_c, beast_lair_carwin_5
Lair:2:   uniq_fannar
Lair:3:   special_room, serial_bayou_lake_a, lemuel_fruit_fields,
          grunt_megastairs_5
Lair:4:   minmay_stone_trees_small, beast_lair_carwin_3, grunt_megastairs_3,
          uniq_snorg
Lair:5:   minmay_swamp_entry_worms, minmay_snake_entry_guardpost_small
Lair:7:   slime_altar_1, minivault_19
Lair:8:   minmay_lair_end_frog_pond, lab_entry_generic
Orc:2:    pf_orc_diabolical, uniq_azrael

Action                   |  1- 3 |  4- 6 |  7- 9 | 10-12 | 13-15 || total
-------------------------+-------+-------+-------+-------+-------++-------
Melee: Dagger            |   114 |       |       |       |       ||   114
       Mace              |    32 |   175 |   286 |       |       ||   493
       Whip              |       |       |    13 |  1090 |   625 ||  1728
 Cast: Song of Slaying   |     1 |       |       |       |       ||     1
       Ozocubu's Armour  |       |     3 |     6 |     8 |    12 ||    29
       Regeneration      |       |     2 |     1 |     1 |     1 ||     5
       Shroud of Golubri |       |       |     3 |     1 |     1 ||     5
       Spectral Weapon   |       |       |     3 |    14 |    12 ||    29
Invok: Recall Undead Sla |       |       |       |     1 |       ||     1
       Drain Life        |       |       |       |     1 |       ||     1
       Animate Dead      |       |       |       |       |     1 ||     1
Evoke: Wand              |       |       |     1 |     3 |     4 ||     8
  Use: Scroll            |     6 |     5 |     5 |     4 |     2 ||    22
       Potion            |     2 |     1 |     7 |     3 |       ||    13
 Stab: Sleeping          |     3 |     9 |    11 |    35 |     4 ||    62
       Distracted        |       |       |     2 |    12 |    15 ||    29
       Invisible         |       |       |     1 |       |       ||     1
  Eat: Chunk             |    14 |     9 |     7 |    22 |    10 ||    62
       Fruit             |       |       |     2 |       |     1 ||     3
